Map: Blackrock LE

Players

Halo - Winner!

  • Race: Zerg Zerg

A.I. 1 (Very Hard)

  • Race: Protoss Protoss

VOD

Have the link to the VOD?

Description

Time

  • Played on: Aug. 5, 2026, 1:36 a.m.
  • Length: 17:25
Show
View Real Time Build Order
Export as new Build Order

Halo Zerg - Winner!

Build Orders: Hatch First 

Get SALT Encoding   

  8  0:00  Drone  
  9  0:10  Drone  
  10  0:16  Drone  
  11  0:21  Drone  
  12  0:32  Overlord  
  12  0:38  Extractor  
  12  0:40  Drone  
  13  0:51  Drone x2  
  15  1:15  Hatchery  
  15  1:18  Drone  
  15  1:20  Drone  
  16  1:38  Extractor  
  15  1:40  Spawning Pool  
  15  1:41  Drone  
  15  1:44  Drone  
  16  1:49  Drone  
  16  1:53  Drone  
  18  2:01  Drone  
  19  2:11  Overlord  
  19  2:29  Zergling x4  
  21  2:33  Queen  
  21  2:34  Queen  
  25  2:37  Drone  
  25  2:40  Drone  
  28  2:44  Drone  
  28  2:49  Metabolic Boost  
  28  3:05  Drone  
  28  3:06  Drone x2  
  31  3:15  Overlord  
  31  3:17  Overlord  
  31  3:30  Hatchery  
  30  3:44  Drone x5  
  30  3:45  Drone  
  30  3:48  Drone  
  37  3:50  Drone  
  37  3:52  Drone  
  37  3:54  Drone  
  40  3:57  Drone  
  40  3:59  Drone  
  42  4:06  Extractor  
  42  4:08  Baneling Nest  
  40  4:10  Drone x2  
  40  4:12  Drone  
  40  4:16  Drone  
  44  4:23  Zergling x8  
  48  4:27  Overlord  
  48  4:32  Overlord  
  48  4:38  Overlord  
  48  4:46  Queen  
  48  4:47  Queen  
  52  4:54  Overlord x2  
  52  4:56  Drone  
  52  4:57  Drone x3  
  56  5:02  Drone x3  
  56  5:05  Drone  
  60  5:09  Drone  
  60  5:11  Drone x3  
  60  5:13  Drone  
  60  5:14  Drone  
  66  5:15  Drone  
  66  5:16  Drone  
  68  5:31  Overlord x2  
  68  5:33  Zergling x8  
  72  5:44  Overlord x2  
  72  5:45  Zergling x12  
  78  5:53  Lair  
  78  5:54  Drone x2, Evolution Chamber  
  78  5:55  Evolution Chamber  
  78  5:58  Overlord x2  
  78  5:59  Zergling x2  
  78  6:00  Zergling x2  
  80  6:05  Zergling x2  
  80  6:06  Zergling x2  
  82  6:23  Zergling x4  
  82  6:24  Zergling x12  
  90  6:30  Zergling x2  
  91  6:39  Zerg Melee Weapons Level 1, Zerg Ground Armor Level 1  
  91  6:53  Centrifugal Hooks  
  91  6:55  Zergling x22  
  91  6:57  Baneling x9  
  91  6:58  Baneling x6  
  102  7:11  Infestation Pit  
  102  7:12  Hydralisk Den  
  102  7:14  Drone, Extractor  
  102  7:15  Drone x2  
  102  7:17  Drone x3  
  105  7:27  Zergling x10  
  105  7:28  Zergling x4  
  112  7:38  Hatchery  
  111  7:49  Hatchery, Zergling x6  
  111  7:50  Zergling x12  
  119  7:57  Drone x2  
  121  8:07  Grooved Spines  
  121  8:09  Hydralisk  
  121  8:10  Hydralisk x5  
  133  8:18  Zergling x10  
  138  8:26  Extractor  
  136  8:34  Zergling x10  
  104  8:43  Zergling x6  
  94  8:53  Zergling x12  
  99  8:57  Muscular Augments  
  99  9:04  Zerg Melee Weapons Level 2, Zerg Ground Armor Level 2  
  99  9:06  Zergling x18  
  108  9:13  Zergling x10  
  108  9:16  Drone x2  
  115  9:20  Drone x4  
  119  9:26  Drone  
  119  9:27  Drone  
  119  9:29  Hatchery  
  119  9:30  Hatchery  
  119  9:31  Zergling x14  
  116  9:48  Zergling x4  
  116  9:49  Zergling x18  
  114  9:59  Hydralisk  
  110  10:00  Hydralisk x7  
  126  10:10  Hive  
  126  10:13  Zergling x18  
  126  10:14  Zergling x8  
  139  10:16  Overlord  
  139  10:21  Overlord  
  139  10:22  Overlord  
  139  10:37  Drone  
  139  10:38  Drone x9  
  149  10:43  Queen  
  149  10:44  Queen  
  149  10:45  Extractor  
  152  11:24  Zergling x2  
  152  11:25  Zergling x54  
  177  11:28  Overlord  
  177  11:29  Overlord x3  
  180  11:35  Pneumatized Carapace  
  165  12:14  Zergling x34  
  165  12:15  Zergling x32  
  144  12:32  Zergling x22  
  144  12:33  Zergling x10  
  134  12:48  Hydralisk x14  
  157  13:27  Zergling x2  
  157  13:28  Zergling x48  
  157  13:29  Zergling x10  
  187  13:35  Zerg Ground Armor Level 3, Zerg Missile Weapons Level 1  
  187  14:08  Zergling x26  
  135  14:44  Zergling x18  
  135  14:45  Zergling x38  
  137  15:06  Extractor  
  132  15:13  Hydralisk  
  132  15:14  Hydralisk x7  
  130  15:16  Zergling x2  
  130  15:17  Zergling x14  
  139  15:44  Zergling x16  
  139  15:45  Zergling x30  
  143  16:12  Zergling x26  
  143  16:13  Zergling x14  
  148  16:33  Zergling x2  
  148  16:34  Zergling x34  
  158  16:47  Hydralisk x10  
Show
View Real Time Build Order
Export as new Build Order

A.I. 1 (Very Hard) Protoss 

Build Orders:  

Get SALT Encoding   

  8  0:00  Probe  
  9  0:13  Probe  
  10  0:25  Probe  
  11  0:37  Probe  
  12  0:47  Pylon  
  12  0:49  Probe  
  13  1:01  Probe  
  13  1:08  Gateway  
  13  1:09  Probe  
  14  1:17  Assimilator  
  15  1:19  Probe  
  16  1:31  Pylon, Probe  
  17  1:43  Probe  
  18  1:55  Probe  
  18  1:57  Cybernetics Core  
  18  1:59  Zealot  
  21  2:03  Probe  
  22  2:11  Probe  
  22  2:22  Probe  
  24  2:33  Warp Gate  
  24  2:34  Probe  
  25  2:37  Nexus  
  25  2:46  Probe  
  26  2:54  Stalker  
  26  2:58  Probe  
  29  3:03  Pylon  
  29  3:17  Gateway  
  29  3:21  Probe, Assimilator  
  30  3:28  Adept  
  30  3:33  Probe  
  33  3:36  Pylon  
  33  3:42  Probe  
  34  3:48  Probe  
  34  3:50  Probe  
  36  3:59  Probe  
  36  4:00  Probe  
  40  4:06  Robotics Facility  
  40  4:08  Probe  
  42  4:13  Probe  
  42  4:16  Probe  
  44  4:17  Adept  
  45  4:24  Adept  
  45  4:25  Probe  
  45  4:26  Probe  
  46  4:38  Probe x2, Adept  
  50  4:46  Adept  
  50  4:50  Probe x2  
  54  4:56  Robotics Bay  
  54  4:57  Adept  
  54  4:58  Pylon  
  56  5:01  Observer  
  56  5:02  Probe  
  58  5:09  Robotics Facility  
  58  5:13  Probe  
  58  5:14  Pylon  
  58  5:16  Stalker, Probe  
  58  5:21  Probe  
  62  5:22  Stalker  
  65  5:28  Pylon, Probe  
  66  5:44  Stalker, Probe  
  66  5:45  Zealot, Assimilator  
  71  5:51  Twilight Council  
  71  5:55  Gateway  
  71  5:57  Probe  
  71  5:58  Assimilator  
  72  6:05  Pylon  
  72  6:06  Probe  
  72  6:09  Probe  
  74  6:15  Probe  
  75  6:21  Probe  
  75  6:23  Probe, Zealot  
  78  6:27  Pylon  
  78  6:32  Dark Shrine, Probe  
  79  6:33  Probe  
  81  6:40  Sentry  
  83  6:47  Stalker  
  83  6:48  Forge  
  83  6:51  Stalker  
  83  6:53  Pylon  
  87  7:01  Forge  
  87  7:02  Stalker  
  87  7:03  Pylon  
  89  7:09  Stalker  
  89  7:12  Gateway  
  91  7:22  Sentry, Photon Cannon  
  93  7:25  Stalker, Immortal, Pylon  
  99  7:37  Nexus  
  99  7:40  Stalker  
  101  7:45  Stalker  
  101  7:47  Dark Templar  
  105  7:55  Pylon  
  105  8:00  Stalker  
  105  8:02  Immortal, Dark Templar  
  105  8:03  Photon Cannon  
  105  8:05  Photon Cannon  
  113  8:09  Archon  
  113  8:13  Dark Templar  
  113  8:16  Pylon  
  115  8:22  Zealot x2  
  113  8:34  Sentry  
  113  8:37  Pylon  
  99  8:42  Photon Cannon  
  99  8:43  Zealot  
  99  8:44  Zealot, Stalker  
  99  8:48  Protoss Ground Weapons Level 1  
  89  8:49  Probe  
  89  8:50  Zealot, Probe  
  89  8:51  Probe  
  94  8:59  Probe  
  94  9:01  Stalker, Assimilator  
  94  9:02  Probe  
  98  9:03  Photon Cannon, Probe  
  98  9:05  Zealot  
  98  9:07  Stalker, Probe  
  103  9:12  Dark Templar  
  103  9:14  Probe  
  103  9:15  Probe  
  103  9:16  Probe  
  108  9:18  Archon, Sentry  
  108  9:21  Assimilator  
  111  9:26  Probe  
  111  9:27  Dark Templar  
  111  9:28  Probe  
  111  9:29  Probe, Dark Templar  
  118  9:34  Archon  
  118  9:37  Photon Cannon  
  118  9:38  Probe  
  118  9:40  Probe  
  118  9:41  Stalker, Probe  
  123  9:47  Dark Templar  
  99  9:54  Dark Templar  
  81  10:00  Archon  
  81  10:02  Dark Templar  
  81  10:03  Adept  
  85  10:19  Warp Prism  
  85  10:20  Pylon  
  85  10:22  Zealot  
  85  10:25  Stalker  
  85  10:26  Photon Cannon  
  89  10:29  Dark Templar, Immortal  
  97  10:37  Zealot, Archon  
  99  10:44  Zealot  
  99  10:45  Photon Cannon  
  99  10:47  Adept  
  99  10:49  Warp Prism  
  103  10:55  Pylon  
  105  10:58  Adept, Protoss Ground Armor Level 1  
  107  11:04  Dark Templar  
  107  11:06  Zealot  
  107  11:09  Immortal, Dark Templar  
  107  11:10  Gateway  
  117  11:13  Stalker  
  117  11:15  Archon  
  117  11:16  Photon Cannon, Nexus  
  119  11:20  Observer  
  120  11:28  Sentry  
  122  11:33  Zealot  
  122  11:38  Photon Cannon, Immortal  
  122  11:39  Zealot  
  130  11:44  Dark Templar  
  132  11:48  Immortal  
  132  11:50  Adept, Zealot  
  140  11:58  Robotics Facility  
  140  12:01  Zealot  
  142  12:02  Zealot  
  142  12:06  Pylon  
  142  12:08  Sentry  
  140  12:12  Zealot  
  140  12:13  Dark Templar  
  122  12:17  Observer  
  91  12:23  Sentry  
  91  12:24  Zealot  
  91  12:26  Colossus  
  97  12:30  Zealot, Photon Cannon  
  97  12:34  Zealot  
  97  12:36  Zealot  
  87  12:39  Photon Cannon  
  87  12:40  Immortal  
  87  12:45  Zealot  
  87  12:46  Adept  
  87  12:49  Pylon  
  91  12:52  Adept, Zealot  
  91  12:53  Archon  
  91  12:58  Zealot  
  97  12:59  Templar Archives  
  97  13:06  Dark Templar  
  97  13:08  Dark Templar  
  97  13:09  Sentry  
  103  13:14  Zealot  
  103  13:15  Archon  
  105  13:20  Sentry  
  107  13:27  Psionic Storm, Nexus  
  107  13:31  Zealot  
  107  13:32  Zealot  
  111  13:35  Stalker  
  111  13:36  Zealot  
  115  13:42  High Templar  
  117  13:53  Stalker  
  117  13:54  Stalker  
  117  13:55  Adept  
  123  13:58  High Templar  
  125  14:05  Protoss Ground Weapons Level 2  
  125  14:06  Archon  
  125  14:07  Zealot  
  127  14:10  Photon Cannon  
  127  14:13  Dark Templar  
  127  14:15  Zealot  
  129  14:17  Zealot  
  129  14:21  Gateway  
  116  14:29  Dark Templar  
  100  14:33  Zealot  
  100  14:37  Zealot  
  76  14:39  Sentry  
  76  14:42  Stalker  
  60  14:50  Zealot  
  60  14:51  Assimilator  
  48  14:59  Zealot, Sentry  
  48  15:01  Zealot  
  48  15:04  Stalker  
  46  15:08  Adept  
  44  15:28  Stalker  
  44  15:29  Stalker x2, Zealot  
  44  15:32  Stalker  
  37  15:41  Probe  
  37  15:42  Nexus  
  29  15:49  Zealot  
  28  15:51  Probe  
  29  16:03  Probe  
  26  16:21  Probe  
  23  16:33  Pylon  
  23  16:39  Probe  
  21  16:41  Probe  
  20  16:57  Archon  
Tags
 
Add a new tag
Caveats
  • Supply blocks, unpowered buildings, or Contaminate may cause inaccurate times.
  • Supply counts are checked every 10 seconds.